 Dungeon Crawl Stone Soup version 0.24-a0-652-g46ecf6da75 (webtiles) character file.

Game seed: 8533871601203929493, levelgen mode: deterministic

12066 Stiffzip the Basher (level 11, -3/67 HPs)
             Began as a Gargoyle Fighter on Sept 26, 2019.
             Was a High Priest of Makhleb.
             Slain by a freezing wraith (17 damage)
             ... on level 11 of the Dungeon.
             The game lasted 00:41:10 (10145 turns).

Stiffzip the Basher (Gargoyle Fighter)             Turns: 10145, Time: 00:41:11

Health: -3/67      AC: 12    Str: 24    XL:     11   Next: 87%
Magic:  23/23      EV:  6    Int:  8    God:    Makhleb [*****.]
Gold:   850        SH: 16    Dex:  9    Spells: 10/10 levels left

rFire    . . .     SeeInvis +   C - +0 flail (protect)
rCold    . . .     Gourm    .   c - +0 shield
rNeg     + . .     Faith    .   o - +0 plate armour
rPois    ∞         Spirit   .   v - +0 helmet
rElec    +         Reflect  +   q - +0 cloak
rCorr    .         Harm     .   (no gloves)
MR       .....                  r - +0 pair of boots
Stlth    ..........             J - +4 amulet of reflection
HPRegen  0.21/turn              x - ring of magical power
MPRegen  0.18/turn              N - ring of see invisible

@: corroded, protection aura, slowed, very slow
A: negative energy resistance 1, electricity resistance, unbreathing,
petrification resistance, rot immunity, AC +8
a: Minor Destruction, Lesser Servant of Makhleb, Major Destruction, Greater
Servant of Makhleb, Renounce Religion


You were on level 11 of the Dungeon.
You worshipped Makhleb.
Makhleb was extremely pleased with you.
You were hungry.

You visited 2 branches of the dungeon, and saw 12 of its levels.

You collected 850 gold pieces.

Inventory:

Hand Weapons
 C - a +0 flail of protection (weapon)
 E - the +10 dagger of Xofamm {pierce, rElec rF+ Str+4 Int-2}
   (You found it on level 7 of the Dungeon)

   It inflicts extra damage upon your enemies.
   It affects your strength (+4).
   It affects your intelligence (-2).
   It protects you from fire.
   It insulates you from electricity.
 P - a +0 dire flail
Missiles
 e - 7 poisoned darts
 R - 2 boomerangs (quivered)
Armour
 c - a +0 shield (worn)
 o - a +0 plate armour (worn)
 q - a +0 cloak (worn)
 r - a +0 pair of boots (worn)
 v - a +0 helmet (worn)
 y - the +1 robe of Twilight {-Tele *Contam rC+ Dex+8}
   (You found it on level 4 of the Dungeon)

   It affects your dexterity (+8).
   It protects you from cold.
   It prevents most forms of teleportation.
   It causes magical contamination when unequipped.
 F - the +0 leather armour of the Fifty Demons {rF+ rN+}
   (You found it on level 8 of the Dungeon)

   It protects you from fire.
   It protects you from negative energy.
Jewellery
 x - a ring of magical power (left hand)
 J - a +4 amulet of reflection (around neck)
 N - a ring of see invisible (right hand)
Wands
 A - a wand of digging (4)
 B - a wand of paralysis (13)
 H - a wand of polymorph (5)
 O - a wand of random effects (17)
Scrolls
 a - 3 scrolls of amnesia
 j - 6 scrolls of remove curse
 k - 5 scrolls of teleportation
 n - 5 scrolls of identify
 p - 2 scrolls of magic mapping
 s - a scroll of immolation
 G - 3 scrolls of enchant weapon
 I - 2 scrolls of fear
 K - a scroll of blinking
 M - 2 scrolls of enchant armour {unknown}
Potions
 b - a potion of berserk rage {unknown}
 d - 2 potions of might
 g - 3 potions of heal wounds {unknown}
 h - 3 potions of curing {unknown}
 i - 2 potions of invisibility {unknown}
 m - 2 potions of degeneration {unknown}
 t - a potion of flight {unknown}
 u - a potion of lignification {unknown}
 w - 2 potions of ambrosia {unknown}
 z - 2 potions of haste {unknown}
 D - 3 potions of agility {unknown}
 L - a potion of mutation {unknown}
 Q - a potion of cancellation {unknown}
Comestibles
 f - 15 rations
 l - 8 chunks of flesh


   Skills:
 + Level 7.2 Fighting
 * Level 11.9 Maces & Flails
 + Level 2.3 Throwing
 + Level 7.7 Armour
 + Level 1.4 Dodging
 + Level 0.2 Stealth
 + Level 11.0 Shields
 * Level 5.2 Invocations
 + Level 0.2 Evocations


You had 10 spell levels left.
You didn't know any spells.
Your spell library contained the following spells:

 Spells                   Type           Power        Failure   Level  Hunger
 Bolt of Magma            Conj/Fire/Erth #.........   100%        5    ######.
 Iskenderun's Battlesphe  Conj/Chrm      #.......     100%        5    ######.
 Venom Bolt               Conj/Pois      #.........   100%        5    ######.
 Iron Shot                Conj/Erth      #.........   100%        6    #######
 Orb of Destruction       Conj           #.........   100%        7    #######
 Spellforged Servitor     Conj/Summ      #.........   100%        7    #######


Dungeon Overview and Level Annotations

Branches:
Dungeon (11/15)            Temple (1/1) D:4
   Lair: D:8-11         Orc: D:9-12

Altars:
Ashenzari
Cheibriados
Dithmenos
Elyvilon
Fedhas
Gozag
Hepliaklqana
Kikubaaqudgha
Makhleb
Okawaru
Qazlal
Ru
Trog
Uskayaw
Vehumet
Xom
Yredelemnul
Zin
The Shining One

Shops:
D:9 *   D:10 *

Portals:
Trove: D:10 (give +3 storm dragon scales)

Annotations:
D:7 Prince Ribbit
D:11 1 runed translucent door


Innate Abilities, Weirdness & Mutations

You are resistant to torment.
Your stone body is resilient. (AC +8)
You are immune to poison.
You resist negative energy. (rN+)
You are resistant to electric shocks. (rElec)
You can survive without breathing.
You are immune to petrification.
You are immune to rotting.


Message History

The water moccasin bites you but does no damage.
The bullfrog skeleton hits you but does no damage.
You hit the sky beast.
The sky beast is lightly wounded.
The hound completely misses you. You block the water moccasin's attack.
You block the sky beast's attack. You block the freezing wraith's attack.
The freezing wraith hits you. The freezing wraith drains your vigour!
You feel yourself slow down. The bullfrog skeleton hits you.
You closely miss the sky beast.
The sky beast is lightly wounded.
You block the hound's attack. The water moccasin barely misses you.
You block the bullfrog skeleton's attack.
The sky beast hits you.
* * * LOW HITPOINT WARNING * * *
The sky beast shocks you. You resist.
* * * LOW HITPOINT WARNING * * *
The hound bites you but does no damage. The freezing wraith hits you.
* * * LOW HITPOINT WARNING * * *
The freezing wraith freezes you!
You die...

....5cc#4....##.#...............
....cKK#c5...##.#...............
....KKu.35#...#.##......#######.
##).#####.##...#####..### #.
########...#### #. ##.....##.#
#. #.......#.. #+####.
#hSZ....#..##......
#.@W....#.......##.
##.Y...##..........
+#...###<......... #.##
#.......... .##.+#.........
##...#......... #...##.........
...##.......... ..##........#..


You could see a freezing wraith, a water moccasin, a sky beast, a hound and a
bullfrog skeleton.

Vanquished Creatures
  A hydra (D:11)
  A two-headed ogre (D:10)
  2 unseen horrors (D:11)
  An orc knight (D:10)
  A cyclops (D:11)
  6 trolls
  A hippogriff (D:10)
  A shadow (D:11)
  9 yaks
  Grum (D:11)
  3 hungry ghosts
  2 water moccasins
  Duvessa (D:5)
  7 orc warriors
  2 ice beasts
  3 sky beasts
  2 black bears
  2 necrophages
  2 ogres
  3 wolves (D:11)
  5 centaurs
  4 bullfrogs
  A big kobold (D:10)
  Dowan (D:5)
  2 scorpions
  2 jellies (D:10)
  4 killer bees (D:8)
  4 wights (D:8)
  A howler monkey (D:8)
  2 bullfrog zombies
  3 centaur zombies
  4 crimson imps
  A quasit (D:11)
  5 hounds
  2 centaur skeletons
  9 orc priests
  13 orc wizards
  2 bullfrog skeletons
  Jessica (D:3)
  4 iguanas
  Natasha (thrice) (D:3)
  7 worker ants
  A hound zombie (D:6)
  A hound skeleton (D:7)
  3 gnolls (D:6)
  14 adders
  A shadow imp (D:6)
  An ooze (D:1)
  2 adder zombies
  4 adder skeletons
  3 worms
  A dart slug (D:1)
  5 leopard geckos
  71 orcs
  12 bats
  8 giant cockroaches
  5 goblins
  14 hobgoblins
  7 jackals
  8 quokkas
  A ball python (D:2)
  7 frilled lizards
  A goblin zombie (D:9)
  A jackal skeleton (D:9)
  14 kobolds
  A leopard gecko skeleton (D:8)
  2 quokka skeletons
  5 rats
  A spectral orc (D:2)
325 creatures vanquished.

Vanquished Creatures (others)
  A kobold (D:11)
1 creature vanquished.

Grand Total: 326 creatures vanquished

Notes
Turn   | Place    | Note
-------+----------+-------------------------------------------
     0 | D:1      | Stiffzip the Gargoyle Fighter began the quest for the Orb.
     0 | D:1      | Reached XP level 1. HP: 14/14 MP: 1/1
   176 | D:1      | Reached XP level 2. HP: 19/19 MP: 2/2
   610 | D:2      | Reached XP level 3. HP: 21/24 MP: 3/3
   724 | D:2      | Reached XP level 4. HP: 22/29 MP: 4/4
  1156 | D:2      | Found a basalt altar of Yredelemnul.
  1216 | D:3      | Noticed Natasha
  1236 | D:3      | Killed Natasha
  1236 | D:3      | Reached XP level 5. HP: 24/33 MP: 5/5
  1325 | D:3      | Noticed Natasha
  1344 | D:3      | Killed Natasha
  1573 | D:3      | Noticed Jessica
  1594 | D:3      | Killed Jessica
  1594 | D:3      | Reached XP level 6. HP: 38/38 MP: 6/6
  1934 | D:3      | Noticed Natasha
  1940 | D:3      | Killed Natasha
  2662 | D:4      | Reached skill level 5 in Armour
  2662 | D:4      | Reached XP level 7. HP: 42/44 MP: 7/7
  2813 | D:4      | Found a shimmering altar of Xom.
  2823 | D:4      | Reached skill level 5 in Maces & Flails
  2852 | D:4      | Found a shattered altar of Ashenzari.
  2951 | D:4      | Got a steaming robe
  2962 | D:4      | Identified the +1 robe of Twilight {-Tele *Contam rC+
                  | Dex+8} (You found it on level 4 of the Dungeon)
  3028 | D:4      | Found a staircase to the Ecumenical Temple.
  3036 | D:4      | Reached skill level 5 in Shields
  3060 | Temple   | Entered the Ecumenical Temple
  3137 | Temple   | Became a worshipper of Makhleb the Destroyer
  3478 | D:5      | Entered Level 5 of the Dungeon
  3497 | D:5      | Reached skill level 1 in Dodging
  3726 | D:5      | Found a glowing golden altar of the Shining One.
  3969 | D:5      | Noticed Duvessa
  3970 | D:5      | Noticed Dowan
  3987 | D:5      | Killed Duvessa
  3994 | D:5      | Killed Dowan
  3994 | D:5      | Reached XP level 8. HP: 38/48 MP: 8/8
  4409 | D:6      | Found a white marble altar of Elyvilon.
  4680 | D:6      | Found an ancient bone altar of Kikubaaqudgha.
  4681 | D:6      | Reached skill level 5 in Fighting
  4948 | D:6      | Reached * piety under Makhleb
  5197 | D:7      | Got a sapphire dagger
  5198 | D:7      | Identified the +10 dagger of Xofamm {pierce, rElec rF+
                  | Str+4 Int-2} (You found it on level 7 of the Dungeon)
  5664 | D:7      | Reached XP level 9. HP: 54/54 MP: 9/9
  5937 | D:7      | Noticed Prince Ribbit
  6799 | D:8      | Reached ** piety under Makhleb
  6818 | D:8      | Got a scorched leather armour
  6829 | D:8      | Identified the cursed +0 leather armour of the Fifty Demons
                  | {rF+ rN+} (You found it on level 8 of the Dungeon)
  6874 | D:8      | Found an iron altar of Okawaru.
  7124 | D:8      | Reached XP level 10. HP: 60/60 MP: 10/10
  7128 | D:8      | Found an opulent altar of Gozag.
  7128 | D:8      | Found a blossoming altar of Fedhas.
  7128 | D:8      | Found a glowing silver altar of Zin.
  7135 | D:8      | Found a shadowy altar of Dithmenos.
  7139 | D:8      | Found a sacrificial altar of Ru.
  7374 | D:9      | Found a runed translucent door.
  7378 | D:9      | Found a basalt altar of Yredelemnul.
  7602 | D:9      | Reached skill level 1 in Invocations
  7895 | D:9      | Reached skill level 1 in Throwing
  8067 | D:9      | Found Maedic's Assorted Antiques.
  8289 | D:10     | Entered Level 10 of the Dungeon
  8476 | D:10     | Reached *** piety under Makhleb
  8510 | D:10     | Reached skill level 10 in Maces & Flails
  9218 | D:10     | Reached XP level 11. HP: 66/66 MP: 13/13
  9242 | D:10     | Reached **** piety under Makhleb
  9259 | D:10     | Noticed a two-headed ogre
  9275 | D:10     | Killed a two-headed ogre
  9275 | D:10     | Reached skill level 10 in Shields
  9379 | D:10     | Noticed an orc knight
  9406 | D:10     | Killed an orc knight
  9483 | D:10     | Found Pokuboz's General Store.
  9651 | D:10     | Found a portal to a secret trove of treasure.
  9841 | D:11     | Noticed Grum
  9878 | D:11     | Killed Grum
  9898 | D:11     | Noticed an unseen horror
  9913 | D:11     | Killed an unseen horror
  9922 | D:11     | Found a runed translucent door.
 10025 | D:11     | Noticed an unseen horror
 10032 | D:11     | Noticed a cyclops
 10040 | D:11     | Killed an unseen horror
 10046 | D:11     | Killed a cyclops
 10061 | D:11     | Noticed a seven-headed hydra
 10076 | D:11     | Killed a seven-headed hydra
 10076 | D:11     | Reached skill level 5 in Invocations
 10111 | D:11     | Noticed a green ugly thing
 10114 | D:11     | Reached ***** piety under Makhleb
 10135 | D:11     | Noticed a sixfirhy
 10137 | D:11     | Noticed a sun demon
 10145 | D:11     | Slain by a freezing wraith

Levels and vault maps discovered:
D:1:      eino_arrival_water_cross, layout_loops_ring
D:2:      layout_rooms, yredelemnul_forgotten_temple_becter
D:3:      layout_loops_cross, minivault_23, uniq_jessica, uniq_natasha
D:4:      layout_cave_pods, minitemple, minmay_temple_entry_proselytizer,
          first_ration, minmay_hedge_maze
D:5:      layout_loops_corners, nicolae_tso_swordbearing_angel, uniq_duvessa
D:6:      layout_gridville, hangedman_abyss_or_decor_stabs,
          minmay_misc_feat_secret_circle, kennysheep_flooded_box,
          lemuel_statue_altar
D:7:      layout_basic, serial_co_window_serial, co_window_corner_a,
          co_window_corner_a, co_window_paths_a, co_window_paths_b,
          co_window_corner_a, co_window_2corner, co_window_broadway_c,
          co_window_corner_b, co_window_4corner_a, glass_columns_a,
          glass_columns_b, uniq_prince_ribbit1
D:8:      layout_rooms, minmay_overflow_temple_star_hex,
          okawaru_metal_pillars_1_2
D:9:      layout_long_grid, serial_shops, shop, dk_yredelemnul_ordeal
D:10:     cheibrodos_orc_bank, layout_basic, enter_trove_6, serial_shops,
          nicolae_shop_crystal
D:11:     cheibrodos_histonic, layout_cave_pools, lair_entry_dummy, the_bakery,
          corexii_corridor_pit, kennysheep_generic_room_15, uniq_grum
Temple:   oiseaux_autumnal_temple

Skill      XL: |  1  2  3  4  5  6  7  8  9 10 11 |
---------------+----------------------------------+-----
Shields        | 4 5 7 8 9 11 | 11.0
Maces & Flails | 3 4 5 7 9 10 11 | 11.9
Fighting       | 4 5 6 7 |  7.2
Armour         | 5 6 7 |  7.7
Dodging        | 1 |  1.4
Invocations    | 3 5 |  5.2
Throwing       | 2 |  2.3
Stealth        | |  0.2
Evocations     | |  0.2

Action                   |  1- 3 |  4- 6 |  7- 9 | 10-12 || total
-------------------------+-------+-------+-------+-------++-------
Melee: Flail             |   145 |   213 |       |   712 ||  1070
       Mace              |       |   107 |   637 |    44 ||   788
Throw: Boomerang         |       |     2 |    16 |       ||    18
       Dart              |       |       |     2 |    49 ||    51
Evoke: Wand              |       |       |     7 |     1 ||     8
  Use: Scroll            |       |       |     5 |     4 ||     9
  Eat: Chunk             |       |     7 |    16 |    14 ||    37
       Ration            |       |       |     4 |       ||     4
Armor: Scale mail        |    67 |       |       |       ||    67
       Plate armour      |    64 |   218 |   436 |   414 ||  1132
Dodge: Dodged            |    36 |    72 |   131 |   123 ||   362
Block: Shield            |    84 |   172 |   358 |   648 ||  1262
       Reflection        |       |       |     3 |     9 ||    12

Table legend:
 A = Non-vault XP
 B = Vault XP
 C = Vault XP percentage of total XP
 D = Non-vault monster count
 E = Vault monster count
 F = Vault count percentage of total count
                 A         B        C        D         E       F
            +---------+---------+-------+---------+---------+-------
      Total |   15223 |    2015 |  11.7 |     288 |      37 |  11.4
            +---------+---------+-------+---------+---------+-------
        D:1 |      33 |       0 |   0.0 |      15 |       0 |   0.0
        D:2 |     102 |       1 |   1.0 |      35 |       1 |   2.8
        D:3 |     284 |      73 |  20.4 |      29 |       2 |   6.5
        D:4 |     392 |      43 |   9.9 |      22 |       1 |   4.3
        D:5 |     179 |     220 |  55.1 |      11 |       2 |  15.4
        D:6 |     491 |       0 |   0.0 |      22 |       0 |   0.0
        D:7 |    1102 |       0 |   0.0 |      22 |       0 |   0.0
        D:8 |    1769 |       0 |   0.0 |      28 |       0 |   0.0
        D:9 |    1541 |       2 |   0.1 |      25 |       2 |   7.4
       D:10 |    4865 |     961 |  16.5 |      62 |      23 |  27.1
       D:11 |    4465 |     715 |  13.8 |      17 |       6 |  26.1
            +---------+---------+-------+---------+---------+-------
